 Dungeon Crawl Stone Soup version 0.23.2-30-g0e89c35649 (webtiles) character file.

Game seed: 14219357938715646918

12791 diana the Basher (level 11, -12/73 HPs)
             Began as a Gargoyle Berserker on June 11, 2019.
             Was a High Priest of Trog.
             Mangled by a komodo dragon (20 damage)
             ... on level 1 of the Lair of Beasts.
             The game lasted 00:16:32 (11765 turns).

diana the Basher (Gargoyle Berserker)              Turns: 11765, Time: 00:16:33

Health: -12/73     AC: 27    Str: 23    XL:     11   Next: 98%
Magic:  11/11      EV:  7    Int:  9    God:    Trog [*****.]
Gold:   646        SH:  7    Dex:  9    Spells: 10/10 levels left

rFire    + . .     SeeInvis .   G - +0 morningstar
rCold    . . .     Gourm    .   y - +0 shield
rNeg     + . .     Faith    .   H - +0 plate armour
rPois    ∞         Spirit   .   (no helmet)
rElec    +         Reflect  .   b - +0 cloak
rCorr    .         Harm     .   h - +0 pair of gloves
MR       .....                  j - +0 pair of boots
Stlth    ..........             (no amulet)
HPRegen  0.22/turn              v - ring of stealth
MPRegen  0.12/turn              E - ring of protection from fire

@: no status effects
A: negative energy resistance 1, electricity resistance, unbreathing,
petrification resistance, rot immunity, AC +8
a: Berserk, Trog's Hand, Brothers in Arms, Renounce Religion


You were on level 1 of the Lair of Beasts.
You worshipped Trog.
Trog was extremely pleased with you.
You were very hungry.

You visited 3 branches of the dungeon, and saw 13 of its levels.

You collected 646 gold pieces.

Inventory:

Hand Weapons
 B - a +1 whip of freezing
 G - a +0 morningstar (weapon)
Armour
 b - a +0 cloak (worn)
 h - a +0 pair of gloves (worn)
 j - a +0 pair of boots (worn)
 y - a +0 shield (worn)
 A - the +3 leather armour of Existentialism {rPois}
   (You found it on level 7 of the Dungeon)

   It protects you from poison.
 H - a +0 plate armour (worn)
Jewellery
 v - a ring of stealth (left hand)
 E - a ring of protection from fire (right hand)
Wands
 o - a wand of disintegration (10)
 p - a wand of random effects (61)
 C - a wand of iceblast (13)
 D - a wand of flame (8)
 F - a wand of acid (25)
Scrolls
 a - 9 scrolls of fear {unknown}
 f - 16 scrolls of identify {unknown}
 i - 2 scrolls of magic mapping {unknown}
 k - 12 scrolls of remove curse {unknown}
 l - a scroll of enchant weapon {unknown}
 m - 4 scrolls of blinking {unknown}
 n - 7 scrolls of amnesia {unknown}
 q - 9 scrolls of teleportation {unknown}
 t - a scroll of random uselessness {unknown}
 u - 2 scrolls of enchant armour {unknown}
 w - 2 scrolls of noise {unknown}
 I - a scroll of immolation {unknown}
 L - a scroll of vulnerability {unknown}
Potions
 d - 7 potions of flight
 e - 4 potions of agility {unknown}
 g - a potion of brilliance {unknown}
 r - 12 potions of degeneration
 s - 4 potions of lignification {unknown}
 x - 3 potions of curing {unknown}
 z - 2 potions of haste
 J - a potion of magic {unknown}
 K - a potion of ambrosia {unknown}
Comestibles
 c - 20 rations


   Skills:
 + Level 10.5 Fighting
 + Level 10.6 Maces & Flails
 + Level 10.3 Armour
 + Level 7.9 Dodging


You had 10 spell levels left.
You didn't know any spells.
Your spell library was empty.

Dungeon Overview and Level Annotations

Branches:
Dungeon (11/15)            Temple (1/1) D:4            Lair (1/6) D:9
    Orc (0/2) D:9

Altars:
Ashenzari
Cheibriados
Dithmenos
Elyvilon
Fedhas
Gozag
Hepliaklqana
Kikubaaqudgha
Makhleb
Nemelex Xobeh
Okawaru
Qazlal
Ru
Sif Muna
Trog
Uskayaw
Vehumet
Wu Jian
Xom
Yredelemnul
Zin
The Shining One

Shops:
D:7 =

Annotations:
D:3 2 transporters, diana's ghost, amateur DgGl


Innate Abilities, Weirdness & Mutations

You are resistant to torment.
Your stone body is resilient. (AC +8)
You are immune to poison.
You resist negative energy. (rN+)
You are resistant to electric shocks. (rElec)
You can survive without breathing.
You are immune to petrification.
You are immune to rotting.


Message History

You hit the komodo dragon but do no damage.
The komodo dragon is moderately wounded.
You block the komodo dragon's attack.
You hit the komodo dragon.
The komodo dragon is moderately wounded.
You block the komodo dragon's attack.
You are feeling very hungry.
Your shield and plate armour prevent you from hitting the komodo dragon.
The komodo dragon is moderately wounded.
You block the komodo dragon's attack.
You hit the komodo dragon but do no damage.
The komodo dragon is moderately wounded.
The komodo dragon bites you but does no damage.
You hit the komodo dragon.
The komodo dragon is heavily wounded.
The komodo dragon bites you but does no damage.
You hit the komodo dragon.
The komodo dragon is heavily wounded.
The komodo dragon bites you!!
You die...

.... .
......≈≈≈≈≈≈≈#P ....
.. ##.≈≈≈≈≈≈≈≈≈≈≈≈
..?..
..####≈≈≈≈≈≈≈≈≈≈≈≈≈≈
.....
...≈≈≈≈≈≈≈≈≈≈≈≈≈≈≈≈
......
##≈≈≈≈≈≈≈≈≈#≈#≈≈≈≈
......#
##.≈≈≈≈≈≈#########≈
......†##..≈≈≈≈###
## ........Yl#.≈P##
.........#@####
.#.......###
........## .........
.......P. ......#P.
......##.. .....


You could see a komodo dragon and a yak.

Vanquished Creatures
  2 two-headed ogres
  Pikel (D:5)
  A wolf spider zombie (D:10)
  An ugly thing (D:11)
  Psyche (D:8)
  A centaur skeleton (D:10)
  Joseph (D:9)
  A gargoyle (D:11)
  3 hornets
  2 hippogriffs
  9 yaks
  2 wyverns (D:8)
  A wraith (D:11)
  A steam dragon (D:10)
  A hungry ghost (D:11)
  A soldier ant (D:8)
  3 hell hounds (D:10)
  2 porcupines (D:9)
  2 water moccasins (Lair:1)
  3 sky beasts
  4 orc warriors
  A slave (D:4)
  An eye of draining (D:11)
  An ice beast (D:7)
  2 phantoms
  2 black bears (D:9)
  8 ogres
  5 centaurs
  A crocodile (D:8)
  A big kobold (D:8)
  10 bullfrogs
  5 scorpions
  5 killer bees (D:10)
  3 wights (D:6)
  A howler monkey (D:5)
  A centaur zombie (D:7)
  10 crimson imps
  2 bullfrog zombies
  3 hounds
  A quasit (D:8)
  3 jellies
  2 bullfrog skeletons
  2 orc priests
  Crazy Yiuf (D:7)
  5 orc wizards
  3 iguanas
  10 worker ants
  A hound skeleton (D:10)
  2 hound zombies
  7 gnolls
  9 adders
  5 shadow imps
  3 adder skeletons
  2 worms
  A dart slug (D:2)
  5 leopard geckos
  17 orcs
  2 ball pythons
  3 giant cockroaches
  13 goblins
  8 hobgoblins
  11 jackals
  4 quokkas
  7 bats
  3 frilled lizards
  2 gnoll zombies (D:8)
  A jackal skeleton (D:8)
  11 kobolds
  A quokka skeleton (D:9)
  A quokka zombie (D:7)
  12 rats
263 creatures vanquished.

Vanquished Creatures (collateral kills)
  A scorpion (D:10)
  A killer bee (D:10)
  3 wights (D:9)
  An orc priest (D:9)
  An orc wizard (D:9)
  An adder (D:9)
  An adder skeleton (D:9)
  4 orcs (D:9)
13 creatures vanquished.

Vanquished Creatures (others)
  A slave (D:5)
  A swamp drake (D:9)
  An orc priest (D:9)
  A worker ant (D:5)
  An orc (D:9)
  A quokka (D:5)
  10 fungi (D:9)
  7 plants (D:9)
  A withered plant (D:5)
24 creatures vanquished.

Grand Total: 300 creatures vanquished

Notes
Turn   | Place    | Note
-------+----------+-------------------------------------------
     0 | D:1      | diana the Gargoyle Berserker began the quest for the Orb.
     0 | D:1      | Reached XP level 1. HP: 14/14 MP: 1/1
    98 | D:1      | Reached XP level 2. HP: 13/19 MP: 2/2
   242 | D:1      | Reached ** piety under Trog
   257 | D:1      | Reached XP level 3. HP: 22/23 MP: 3/3
   955 | D:2      | Reached XP level 4. HP: 23/29 MP: 4/4
  1369 | D:3      | Found a stormy altar of Qazlal.
  1440 | D:3      | Reached *** piety under Trog
  1975 | D:3      | Noticed diana's ghost (amateur DgGl)
  1995 | D:3      | Found a transporter.
  2012 | D:3      | Found a transporter.
  2182 | D:4      | Found a staircase to the Ecumenical Temple.
  2203 | D:4      | Reached XP level 5. HP: 17/33 MP: 5/5
  2210 | Temple   | Entered the Ecumenical Temple
  2386 | D:4      | Noticed an ogre
  2418 | D:4      | Killed an ogre
  2494 | D:4      | Reached XP level 6. HP: 24/39 MP: 6/6
  2515 | D:4      | Found a sacrificial altar of Ru.
  2563 | D:4      | Reached skill level 5 in Maces & Flails
  2939 | D:4      | Found an opulent altar of Gozag.
  2939 | D:4      | Found a hide-covered altar of Uskayaw.
  3001 | D:5      | Entered Level 5 of the Dungeon
  3046 | D:5      | Reached XP level 7. HP: 43/44 MP: 7/7
  3142 | D:5      | Found an ancient bone altar of Kikubaaqudgha.
  3442 | D:5      | Noticed Pikel
  3459 | D:5      | Killed Pikel
  3459 | D:5      | Reached skill level 5 in Fighting
  3459 | D:5      | Reached skill level 5 in Armour
  3459 | D:5      | Reached XP level 8. HP: 14/50 MP: 8/8
  3990 | D:5      | Found a shadowy altar of Dithmenos.
  4417 | D:6      | Reached XP level 9. HP: 56/56 MP: 9/9
  5215 | D:7      | Found a runed translucent door.
  5216 | D:7      | Noticed Crazy Yiuf
  5321 | D:7      | Reached skill level 5 in Dodging
  5576 | D:7      | Found an ornate altar of the Wu Jian Council.
  5581 | D:7      | Got a polished leather armour
  5592 | D:7      | Identified the +3 leather armour of Existentialism {rPois}
                  | (You found it on level 7 of the Dungeon)
  5645 | D:7      | Found Febi's Jewellery Shoppe.
  5681 | D:7      | Found a blossoming altar of Fedhas.
  5759 | D:7      | Reached **** piety under Trog
  6531 | D:7      | Killed Crazy Yiuf
  6762 | D:8      | Noticed a hornet
  6771 | D:8      | Killed a hornet
  6771 | D:8      | Reached XP level 10. HP: 54/64 MP: 10/10
  7109 | D:8      | Noticed Psyche
  7240 | D:8      | Killed Psyche
  7406 | D:8      | Found a basalt altar of Yredelemnul.
  7726 | D:9      | Found a shattered altar of Ashenzari.
  7847 | D:9      | Found a staircase to the Lair.
  8063 | D:9      | Found a staircase to the Orcish Mines.
  8685 | D:9      | Noticed Joseph
  8694 | D:9      | Noticed a two-headed ogre
  8699 | D:9      | Killed Joseph
  8709 | D:9      | Killed a two-headed ogre
  8709 | D:9      | Reached XP level 11. HP: 71/71 MP: 11/11
  8797 | D:10     | Entered Level 10 of the Dungeon
  9414 | D:10     | Noticed a hell knight
  9802 | D:10     | Noticed a two-headed ogre
  9813 | D:10     | Killed a two-headed ogre
  9813 | D:10     | Reached skill level 10 in Maces & Flails
 10369 | D:11     | Reached skill level 10 in Fighting
 10469 | D:11     | Found a radiant altar of Vehumet.
 10718 | D:11     | Noticed a green ugly thing
 10740 | D:11     | Killed a green ugly thing
 10740 | D:11     | Reached skill level 10 in Armour
 10935 | D:11     | Reached ***** piety under Trog
 11281 | Lair:1   | Entered Level 1 of the Lair of Beasts
 11765 | Lair:1   | Mangled by a komodo dragon

Skill      XL: |  1  2  3  4  5  6  7  8  9 10 11 |
---------------+----------------------------------+-----
Dodging        | 2 3 4 5 7 |  7.9
Armour         | 3 4 5 7 9 10 | 10.3
Maces & Flails | 4 5 6 7 8 9 10 | 10.6
Fighting       | 4 5 6 7 9 10 | 10.5

Action                   |  1- 3 |  4- 6 |  7- 9 | 10-12 || total
-------------------------+-------+-------+-------+-------++-------
Melee: Mace              |   117 |   147 |    84 |       ||   348
       Whip              |       |       |   443 |   438 ||   881
       Morningstar       |       |       |       |   480 ||   480
Invok: Berserk           |       |     2 |     1 |     4 ||     7
       Trog's Hand       |       |     1 |     2 |     2 ||     5
       Brothers in Arms  |       |       |       |     3 ||     3
Evoke: Wand              |       |       |       |     2 ||     2
  Use: Potion            |       |       |       |     2 ||     2
 Stab: Sleeping          |       |       |     1 |     1 ||     2
       Confused          |       |       |       |     3 ||     3
  Eat: Chunk             |       |     6 |    12 |    18 ||    36
       Ration            |       |     1 |     1 |     2 ||     4
Armor: Animal skin       |    11 |       |       |       ||    11
       Ring mail         |    31 |    78 |    47 |       ||   156
       Scale mail        |       |       |   109 |       ||   109
       Leather armour    |       |       |    32 |   168 ||   200
       Plate armour      |       |       |       |   358 ||   358
Dodge: Dodged            |    94 |   107 |   241 |   451 ||   893
Block: Shield            |       |       |       |   105 ||   105
